 Dungeon Crawl Stone Soup version 0.25.1-2-g60ff931df9 (webtiles) character file.

Game seed: 11272699961526909945

11122 Almogavar the Carver (level 11, -5/86 HPs)
             Began as a Demonspawn Gladiator on Sept 6, 2020.
             Was a High Priest of Okawaru.
             Slain by a catoblepas (7 damage)
             ... while petrified by you
             ... on level 2 of the Lair of Beasts.
             The game lasted 00:59:51 (15503 turns).

Almogavar the Carver (Demonspawn Gladiator)        Turns: 15503, Time: 00:59:51

Health: -5/86      AC: 18    Str: 17    XL:     11   Next: 45%
Magic:  11/11      EV:  2    Int: 10    God:    Okawaru [*****.]
Gold:   741        SH:  0    Dex: 15    Spells: 10/10 levels left

rFire    . . .     SeeInvis +   a - +0 long sword
rCold    + . .     Gourm    .   (no shield)
rNeg     + + +     Faith    .   M - +0 swamp dragon scales (curse)
rPois    ∞         Spirit   .   H - +2 helmet {SInv}
rElec    .         Reflect  .   X - +0 cloak
rCorr    .         Harm     .   B - +0 pair of gloves
MR       .....                  (boots unavailable)
Stlth    ++++......             Y - amulet of regeneration
HPRegen  0.64/turn              k - ring of protection from cold
MPRegen  0.12/turn              z - +4 ring of protection

@: petrified
A: talons 3, demonic guardian 1, nightstalker 1, sturdy frame 2
a: Heroism, Finesse, Renounce Religion


You were on level 2 of the Lair of Beasts.
You worshipped Okawaru.
Okawaru was extremely pleased with you.
You were not hungry.

You visited 3 branches of the dungeon, and saw 13 of its levels.
You also visited: Sewer.

You collected 741 gold pieces.

Inventory:

Hand Weapons
 a - a +0 long sword (weapon)
 U - the cursed +3 flail "Ywihanua" {vamp, *Slow Str+5 Stlth+, unknown}
   (You found it on level 9 of the Dungeon)

   It inflicts no extra harm, but heals its wielder when it wounds a living foe.
   It affects your strength (+5).
   It may slow you when you take damage.
   It makes you more stealthy.
   It has a curse placed upon it.
Missiles
 d - a throwing net
 C - 11 javelins
 J - 6 boomerangs (quivered)
 W - 6 silver javelins
Armour
 b - a +0 kite shield
 m - a +1 plate armour of fire resistance
 p - a +4 ring mail of magic resistance
 B - a +0 pair of gloves (worn)
 H - a +2 helmet of see invisible (worn)
 M - cursed +0 swamp dragon scales (worn)
 S - a +1 scale mail of fire resistance
 V - a +0 chain mail of positive energy
 X - a +0 cloak (worn)
Jewellery
 k - a ring of protection from cold (left hand)
 t - an uncursed ring of poison resistance
 z - a +4 ring of protection (right hand)
 A - an uncursed ring of resist corrosion
 O - an uncursed ring of flight
 R - an uncursed ring of positive energy
 Y - an amulet of regeneration (around neck)
Wands
 y - a wand of flame (32)
 F - a wand of random effects (26)
 P - a wand of clouds (3)
 Q - a wand of polymorph (14)
 T - a wand of iceblast (8)
Scrolls
 c - a scroll of amnesia
 g - 4 scrolls of teleportation
 i - 2 scrolls of magic mapping
 q - a scroll of enchant armour
 w - 5 scrolls of remove curse
 D - 3 scrolls of fog
 G - a scroll of silence {unknown}
 N - 3 scrolls of fear
Potions
 e - 3 potions of degeneration {unknown}
 h - 7 potions of curing
 j - 3 potions of might
 l - 2 potions of flight {unknown}
 n - 2 potions of stabbing {unknown}
 o - 2 potions of magic {unknown}
 r - 3 potions of brilliance {unknown}
 s - a potion of berserk rage {unknown}
 u - 3 potions of mutation {unknown}
 v - 3 potions of lignification {unknown}
 x - 3 potions of invisibility {unknown}
 E - 3 potions of heal wounds
 I - a potion of cancellation {unknown}
 L - 2 potions of ambrosia {unknown}
Comestibles
 f - 18 rations
 K - 3 chunks of flesh


   Skills:
 + Level 7.8 Fighting
 + Level 11.3 Long Blades
 + Level 2.5 Throwing
 + Level 6.5 Armour
 + Level 6.5 Dodging
 + Level 5.5 Stealth
 + Level 0.3 Invocations


You had 10 spell levels left.
You didn't know any spells.
Your spell library contained the following spells:

 Spells                   Type           Power        Failure   Level  Hunger
 Animate Skeleton         Necr           N/A          38%         1    ##.....
 Apportation              Tloc           #.....       38%         1    ##.....
 Corona                   Hex            #......      38%         1    ##.....
 Magic Dart               Conj           #...         38%         1    ##.....
 Summon Small Mammal      Summ           #...         38%         1    ##.....
 Blink                    Tloc           N/A          52%         2    ###....
 Call Imp                 Summ           #.......     52%         2    ###....
 Ensorcelled Hibernation  Hex/Ice        #.....       52%         2    ###....
 Passwall                 Tmut/Erth      #.......     52%         2    ###....
 Slow                     Hex            #.......     52%         2    ###....
 Swiftness                Chrm/Air       #.......     52%         2    ###....
 Confusing Touch          Hex            #.......     77%         3    ####...
 Conjure Flame            Conj/Fire      #.......     77%         3    ####...
 Dazzling Flash           Conj/Hex       #.....       77%         3    ####...
 Mephitic Cloud           Conj/Pois/Air  #.......     77%         3    ####...
 Tukima's Dance           Hex            #.......     77%         3    ####...
 Passage of Golubria      Tloc           N/A          99%         4    #####..
 Lee's Rapid Deconstruct  Erth           #.........   100%        5    ######.
 Darkness                 Hex            #.........   100%        6    #######
 Invisibility             Hex            #.......     100%        6    #######


Dungeon Overview and Level Annotations

Branches:
Dungeon (10/15)            Temple (1/1) D:5            Lair (2/6) D:9
  Sewer (visited)
  Swamp: Lair:2-4    Shoals: Lair:2-4     Snake: Lair:2-4    Spider: Lair:2-4
    Orc: D:9-12

Altars:
Ashenzari
Dithmenos
Elyvilon
Fedhas
Kikubaaqudgha
Makhleb
Okawaru
Ru
Sif Muna
Uskayaw
Vehumet
Wu Jian
Xom
Zin
The Shining One

Annotations:
D:9 2 transporters


Innate Abilities, Weirdness & Mutations

You have claws for feet.
A weak demonic guardian rushes to your aid.
You are slightly more attuned to the shadows.
Your movements are less encumbered by armour. (ER -4)


Message History

The catoblepas breathes a plume of calcifying dust at you.
The blast of calcifying dust hits the yak.
The blast of calcifying dust hits you.
* * * LOW HITPOINT WARNING * * *
The blast of calcifying dust hits the yak.
The yak gores you!
* * * LOW HITPOINT WARNING * * *
The yak gores you but does no damage.
The yak is engulfed in calcifying dust.
The yak gores you but does no damage.
The yak is engulfed in calcifying dust.
The yak is moving more slowly.
The yak gores you but does no damage. x3
The yak is engulfed in calcifying dust.
The yak barely misses you.
Something gores the plant.
The yak is engulfed in calcifying dust.
The yak stops moving altogether!
The yak gores you!
* * * LOW HITPOINT WARNING * * *
The yak completely misses you. The yak gores you!
* * * LOW HITPOINT WARNING * * *
Something gores the plant.
The yak is engulfed in calcifying dust.
The catoblepas gores you!
You die...

**,*,****,,^,,,,,8,,<,,8,,***
***** **,***,,,,,,,,,,,,,**
**##......,8,,,,,,,**
###......,,,,,*,,,,,*
*....8..#,,,,,,,,8,,*
*#......#,,8,,**,,,,,
#.YYY.#*,,,,,**,,,,,
#YYYYt#*,,,,,*,,,,,,
*#Y@+#**,,.),,**+*,*
#YY.#*##...,,*,,,,* #
#.§###.#...,,,,,,,* ###
#........P.**,,,*** ..###
##.......#******* ..#.## *##
##P.....# ...#.#####.#
#.......# ..........#*
##....#P# ..........#
#....###


You could see a catoblepas, 9 yaks and a crocodile.

Vanquished Creatures
  2 two-headed ogres (D:10)
  Pikel (D:8)
  Maurice (D:8)
  Joseph (D:8)
  Maggie (D:8)
  Grinder (D:6)
  3 blink frogs (Lair:1)
  3 hippogriffs
  A human (D:10)
  2 yaks (D:10)
  Grum (Lair:1)
  A steam dragon (D:10)
  4 hogs (D:10)
  Menkaure (D:6)
  3 water moccasins
  2 ice beasts
  5 orc warriors
  2 sky beasts
  An eye of draining (D:10)
  5 ogres
  A phantom (D:7)
  2 centaurs
  2 wolves (Lair:1)
  A crocodile (Lair:1)
  Blork the orc (D:4)
  5 bullfrogs
  A wyvern zombie (D:10)
  A gnoll sergeant (D:5)
  3 scorpions
  8 wights
  6 killer bees
  A howler monkey (D:6)
  A crimson imp (D:5)
  3 centaur zombies
  A bullfrog zombie (D:9)
  2 hounds
  A quasit (D:8)
  2 bullfrog skeletons (D:10)
  4 orc wizards
  An orc priest (D:10)
  4 jellies
  4 iguanas
  8 worker ants
  2 killer bee zombies
  2 hound zombies
  2 hound skeletons (D:7)
  2 worker ant zombies
  3 gnolls
  13 adders
  7 river rats
  3 shadow imps
  An ooze (D:5)
  2 adder skeletons (D:4)
  2 worms
  A dart slug (D:4)
  4 leopard geckos
  38 orcs
  5 giant cockroaches
  3 hobgoblins
  11 jackals
  7 quokkas
  9 ball pythons
  6 bats
  4 frilled lizards
  A giant cockroach zombie (D:4)
  5 goblins
  21 kobolds
  A leopard gecko skeleton (D:5)
  A quokka skeleton (D:8)
  A quokka zombie (D:8)
  25 rats
286 creatures vanquished.

Vanquished Creatures (collateral kills)
  A two-headed ogre (D:8)
  A black mamba (Lair:2)
  A spiny frog (Lair:1)
  A hippogriff (Lair:2)
  A yak (D:10)
  A hungry ghost (D:8)
  A centaur (D:10)
  A bullfrog (D:6)
  2 killer bees (D:7)
  A scorpion (D:6)
  A wight (D:7)
  Ijyb (D:5)
  4 gnolls
  A shadow imp (D:6)
  An orc (D:4)
  A jackal (D:6)
20 creatures vanquished.

Vanquished Creatures (others)
  A wight (D:8)
  A hound (D:8)
  An orc (D:8)
  A fungus (Lair:1)
4 creatures vanquished.

Grand Total: 310 creatures vanquished

Notes
Turn   | Place    | Note
-------+----------+-------------------------------------------
     0 | D:1      | Almogavar the Demonspawn Gladiator began the quest for the
                  | Orb.
     0 | D:1      | Reached XP level 1. HP: 16/16 MP: 1/1
   441 | D:1      | Gained mutation: You are slightly more attuned to the
                  | shadows. [demonic ancestry]
   441 | D:1      | Reached XP level 2. HP: 18/22 MP: 2/2
   851 | D:1      | Reached skill level 3 in Long Blades
  1079 | D:2      | Noticed a scorpion
  1083 | D:2      | Killed a scorpion
  1083 | D:2      | Reached XP level 3. HP: 20/28 MP: 3/3
  1765 | D:3      | Reached skill level 1 in Armour
  1765 | D:3      | Gained mutation: A weak demonic guardian rushes to your
                  | aid. [demonic ancestry]
  1765 | D:3      | Reached XP level 4. HP: 34/34 MP: 4/4
  2669 | D:3      | Reached skill level 1 in Stealth
  3219 | D:3      | Gained mutation: You have sharp toenails. [demonic
                  | ancestry]
  3219 | D:3      | Reached XP level 5. HP: 35/39 MP: 5/5
  3494 | D:4      | Reached skill level 4 in Long Blades
  3520 | D:4      | Noticed Blork the orc
  3781 | D:4      | Killed Blork the orc
  3781 | D:4      | Reached XP level 6. HP: 46/46 MP: 6/6
  3819 | D:4      | Found a radiant altar of Vehumet.
  3970 | D:4      | Reached skill level 5 in Long Blades
  4243 | D:5      | Entered Level 5 of the Dungeon
  4367 | D:5      | Found an ornate altar of the Wu Jian Council.
  4502 | D:5      | Noticed Ijyb
  4507 | D:5      | Reached XP level 7. HP: 51/51 MP: 7/7
  4511 | D:5      | Killed Ijyb
  4516 | D:5      | Found a sacrificial altar of Ru.
  4535 | D:5      | Found a staircase to the Ecumenical Temple.
  4571 | Temple   | Entered the Ecumenical Temple
  4576 | Temple   | Became a worshipper of Warmaster Okawaru
  5147 | D:5      | Found a white marble altar of Elyvilon.
  5149 | D:5      | Found a hide-covered altar of Uskayaw.
  5204 | D:5      | Found a shimmering altar of Xom.
  5238 | D:5      | Reached skill level 6 in Long Blades
  5489 | D:6      | Noticed Menkaure
  5499 | D:6      | Killed Menkaure
  5499 | D:6      | Reached * piety under Okawaru
  5530 | D:6      | Gained mutation: You have razor-sharp toenails. [demonic
                  | ancestry]
  5530 | D:6      | Reached XP level 8. HP: 28/58 MP: 8/8
  5582 | D:6      | Found a glowing drain.
  5600 | Sewer    | Entered a sewer
  6389 | D:6      | Noticed Grinder
  6410 | D:6      | Killed Grinder
  6410 | D:6      | Reached skill level 7 in Long Blades
  6905 | D:6      | Found an ancient bone altar of Kikubaaqudgha.
  7444 | D:7      | Reached ** piety under Okawaru
  7747 | D:7      | Gained mutation: Your movements are slightly less
                  | encumbered by armour. (ER -2) [demonic ancestry]
  7747 | D:7      | Reached XP level 9. HP: 14/66 MP: 9/9
  8121 | D:7      | Reached skill level 5 in Armour
  8271 | D:7      | Reached skill level 8 in Long Blades
  9426 | D:8      | Noticed a two-headed ogre
  9504 | D:8      | Reached skill level 5 in Fighting
  9689 | D:8      | Killed a two-headed ogre
  9689 | D:8      | Reached *** piety under Okawaru
  9689 | D:8      | Reached skill level 9 in Long Blades
  9690 | D:8      | Noticed Maggie
  9701 | D:8      | Killed Maggie
 10007 | D:8      | Noticed Joseph
 10024 | D:8      | Killed Joseph
 10024 | D:8      | Reached **** piety under Okawaru
 10081 | D:8      | Noticed Maurice
 10114 | D:8      | Noticed Pikel
 10116 | D:8      | Killed Maurice
 10116 | D:8      | Gained mutation: You have claws for feet. [demonic
                  | ancestry]
 10116 | D:8      | Reached XP level 10. HP: 48/76 MP: 10/10
 10123 | D:8      | Killed Pikel
 10123 | D:8      | Reached ***** piety under Okawaru
 10570 | D:8      | Found a burning altar of Makhleb.
 10694 | D:9      | Found a blossoming altar of Fedhas.
 10925 | D:9      | Found a transporter.
 10936 | D:9      | Noticed an orc high priest
 10941 | D:9      | Found a transporter.
 10951 | D:9      | Noticed an orc high priest
 11220 | D:9      | Got a fading flail
 11315 | D:9      | Found a staircase to the Lair.
 11329 | D:9      | Reached skill level 10 in Long Blades
 11408 | D:9      | Found a radiant altar of Vehumet.
 11770 | D:10     | Entered Level 10 of the Dungeon
 11785 | D:10     | Reached skill level 5 in Dodging
 12272 | D:10     | Found a shadowy altar of Dithmenos.
 12329 | D:10     | Reached skill level 5 in Stealth
 12918 | D:10     | Noticed a two-headed ogre
 12931 | D:10     | Killed a two-headed ogre
 12931 | D:10     | Gained mutation: Your movements are less encumbered by
                  | armour. (ER -4) [demonic ancestry]
 12931 | D:10     | Reached XP level 11. HP: 84/84 MP: 11/11
 13428 | D:10     | Noticed a two-headed ogre
 13442 | D:10     | Killed a two-headed ogre
 13442 | D:10     | Received a gift from Okawaru
 13442 | D:10     | Reached skill level 11 in Long Blades
 14358 | Lair:1   | Entered Level 1 of the Lair of Beasts
 14433 | Lair:1   | Received a gift from Okawaru
 14742 | Lair:1   | Noticed Grum
 14767 | Lair:1   | Killed Grum
 15469 | Lair:2   | Noticed a catoblepas
 15502 | Lair:2   | HP: 1/86 [yak (5)]
 15503 | Lair:2   | Slain by a catoblepas

Illustrated notes

Levels and vault maps discovered:
D:1:      dpeg_arrival_boxes_within_box, layout_loops_ring, minmay_tromino_v4_a
D:2:      layout_loops_ring
D:3:      layout_basic, first_ration, st_stairs_4
D:4:      layout_rooms, serial_undead, serial_undead_a, serial_undead_c,
          serial_undead_c, serial_undead_c, vehumet_altar_wand_db,
          uniq_blork_the_orc
D:5:      layout_loops_ring, old_standard_altar, marbit_many_paths,
          chequers_temple_overflow_statue_of_worship, xom_confusion_cloud,
          minmay_temple_entry_trees, st_stairs_14, uniq_ijyb
D:6:      layout_basic, lemuel_coloured_pillars_altar, gup_sewer_entry_bubbles,
          uniq_menkaure, uniq_grinder
D:7:      layout_layer_cave
D:8:      layout_cave_pools, makhleb_heckhound_becter, uniq_pikel, uniq_maurice,
          uniq_joseph, uniq_maggie
D:9:      gammafunk_wand_slinger, layout_basic, kennysheep_little_box,
          fedhas_bush_and_centaur_altar
D:10:     layout_layer_cave, serial_rivers, chequers_serial_rivers_small_a,
          chequers_serial_rivers_marsh, chequers_serial_rivers_room_a,
          chequers_serial_rivers_micro_a, chequers_serial_rivers_small_3,
          chequers_serial_rivers_large_b, grunt_livestock, grunt_dithmenos_smoke
Temple:   cyrus_circular_temple
Lair:1:   layout_roguey, uniq_grum
Lair:2:   layout_cellular_growth, nicolae_volcano_entry_s_turn,
          grunt_megastairs_3, lemuel_fruit_fields

Skill      XL: |  1  2  3  4  5  6  7  8  9 10 11 |
---------------+----------------------------------+-----
Dodging        | 3 4 5 6 |  6.5
Long Blades    | 3 4 5 6 7 9 10 11 | 11.3
Throwing       | 2 |  2.5
Armour         | 1 2 3 4 5 6 |  6.5
Stealth        | 1 3 5 |  5.5
Fighting       | 3 4 6 7 |  7.8
Invocations    | |  0.3

Action                   |  1- 3 |  4- 6 |  7- 9 | 10-12 || total
-------------------------+-------+-------+-------+-------++-------
Melee: Long sword        |    62 |   180 |   661 |   383 ||  1286
       Kick              |       |    34 |    93 |   171 ||   298
Throw: Throwing net      |       |     1 |       |     4 ||     5
       Boomerang         |       |       |       |    12 ||    12
Invok: Heroism           |       |       |     1 |     3 ||     4
  Use: Scroll            |     3 |       |     5 |    11 ||    19
       Potion            |       |       |     4 |     3 ||     7
 Stab: Distracted        |     1 |     1 |     7 |     5 ||    14
       Sleeping          |     4 |    10 |     3 |     5 ||    22
       Held in net/web   |       |     2 |       |     2 ||     4
  Eat: Chunk             |     3 |     9 |    13 |    11 ||    36
       Ration            |       |       |     3 |     2 ||     5
Armor: Leather armour    |    25 |    22 |       |       ||    47
       Ring mail         |       |    26 |    33 |       ||    59
       Plate armour      |       |       |   476 |       ||   476
       Scale mail        |       |       |    40 |       ||    40
       Swamp dragon scal |       |       |    22 |   179 ||   201
Dodge: Dodged            |    48 |   139 |   357 |   279 ||   823
       Rpst.: Long sword |    16 |    61 |   109 |    81 ||   267
